 Dungeon Crawl Stone Soup version 0.29-a0-398-ge13fd1374b (console) character file.

Game seed: 4993852945650759623

147 om the Cutter (level 5, -13/28 HPs)
             Began as a Kobold Enchanter on May 12, 2022.
             Killed by nerve-wracking pain
             ... invoked by Grinder
              (14 damage)
             ... on level 3 of the Dungeon.
             The game lasted 00:05:43 (2724 turns).

om the Cutter (Kobold Enchanter)                    Turns: 2724, Time: 00:05:44

Health: -13/28     AC:  3    Str:  7    XL:     5   Next: 54%
Magic:  18/18      EV: 15    Int: 16    God:
Gold:   121        SH:  0    Dex: 16    Spells: 5/10 levels left

rFire   . . .      SeeInvis .   e - +2 dagger (venom)
rCold   . . .      Faith    .   (no shield)
rNeg    . . .      Spirit   .   b - +0 robe
rPois   .          Reflect  .   (no helmet)
rElec   .          Harm     .   f - +0 cloak
rCorr   .          Rampage  .   (no gloves)
Will    .....                   (no boots)
Stlth   +++.......              k - amulet of the acrobat
HPRegen 0.09/turn               g - ring of magical power
MPRegen 0.16/turn               (no ring)

@: silenced
A: small, no large weapons, nightstalker 3
a: no special abilities


You were on level 3 of the Dungeon.
You visited 1 branch of the dungeon, and saw 4 of its levels.

You collected 121 gold pieces.

Inventory:

Hand Weapons
 e - a +2 dagger of venom (weapon)
Armour
 b - a +0 robe (worn)
 f - a +0 cloak (worn)
Jewellery
 g - a ring of magical power (left hand)
 k - an amulet of the acrobat (around neck)
Scrolls
 i - a scroll of amnesia
Potions
 a - 2 potions of lignification
 c - a potion of invisibility
 d - a potion of brilliance
 m - a potion of flight {unknown}


   Skills:
 * Level 6.0 Short Blades
 - Level 2.4 Dodging
 - Level 4.0 Stealth
 + Level 3.0 Spellcasting
 + Level 3.0 Hexes


You had 5 spell levels left.
You knew the following spells:

 Your Spells              Type           Power      Damage    Failure   Level
a - Ensorcelled Hibernat  Hex/Ice        14%        N/A       16%         2
b - Confusing Touch       Hex            12%        N/A       16%         3

Your spell library contained the following spells:

 Spells                   Type           Power      Damage    Failure   Level
 Tukima's Dance           Hex            12%        N/A       16%         3
 Sublimation of Blood     Necr           2%         N/A       28%         2
 Wereblood                Tmut           2%         N/A       28%         2
 Dazzling Flash           Conj/Hex       14%        N/A       30%         3
 Summon Hydra             Summ           1%         N/A       100%        7


Dungeon Overview and Level Annotations

Branches:
Dungeon (4/15)
 Temple: D:4-7

Altars:

Annotations:
D:3 Grinder


Innate Abilities, Weirdness & Mutations

You are small and have problems with some larger weapons.
You are completely attuned to the shadows.


Message History

There is a stone staircase leading down here.
The orc hits you with a +0 club. Grinder misses you.
You climb downwards.
There is a stone staircase leading up here.
Aiming: Ensorcelled Hibernation (safe; 16% risk of failure)
Press: ? - help, Q - select action Shift-Dir - straight line, f - orc
Aim: an orc, wielding a +0 club and wearing a +0 ring mail (chance to affect: 58%)
Okay, then.
Casting: Ensorcelled Hibernation (safe; 16% risk of failure)
Confirm with . or Enter, or press ? or * to list all spells.
The spell is quite dangerous to miscast (16% risk of failure)!
Continue anyway?
Okay, then.
You hit Grinder.
Grinder is lightly wounded.
You barely miss Grinder.
Grinder is lightly wounded.
Grinder hits you.
You writhe in agony.
The orc hits you with a +0 club.
You hit Grinder.
Grinder is lightly wounded.
Grinder gestures at you.
You suddenly lose the ability to move!
The orc barely misses you. The orc barely misses you. Grinder hits you.
* * * LOW HITPOINT WARNING * * *
You writhe in agony.
* * * LOW HITPOINT WARNING * * *
Grinder gestures at you. You resist with significant effort.
The orc hits you with a +0 club.
* * * LOW HITPOINT WARNING * * *
You can move again.
Unknown command.
Grinder barely misses you. The orc hits you but does no damage.
You climb upwards.
The orc closely misses you.
There is a stone staircase leading down here.
As you read the scroll labelled WEMOPA COLOAM, it crumbles to dust.
A profound silence engulfs you.
It was a scroll of silence.
The orc barely misses you. Grinder gestures at you.
Pain shoots through your body!
Ouch! That really hurt!
You die...

###.......
.......##..
###.#.... #....## #
##...##..# #....##
#.###..†.....#
......##..#
##.#....#####.##..
.....# #..#
........# #.##.#
#..# ##.##
##...##...# .....#
##..#####..##
##†..##...#
#.o5###...........##
...####....
#..@##..#.####....#.
....# ....
.o...o..##.# ###..#.
....# .###o.(....##
##.#. ....#
..)#.(#...# #...
....# ######.......
###.. ....#
######### #....
....# ####. ....# #.
....# #.


You could see Grinder (unsilenced), an orc priest (wandering) and 3 orcs.

Vanquished Creatures
  A phantom (D:3)
  An adder (D:3)
  2 worms (D:2)
  2 dart slugs
  An orc (D:3)
  A ball python (D:3)
  4 endoplasms
  4 giant cockroaches
  8 goblins
  6 hobgoblins
  3 quokkas
  7 bats
  2 frilled lizards (D:1)
  5 kobolds
  4 rats
51 creatures vanquished.

Notes
Turn   | Place    | Note
-------+----------+-------------------------------------------
     0 | D:1      | om the Kobold Enchanter began the quest for the Orb.
     0 | D:1      | Reached XP level 1. HP: 10/10 MP: 3/3
   319 | D:1      | Reached skill level 2 in Short Blades
   365 | D:1      | Reached XP level 2. HP: 15/15 MP: 5/5
   368 | D:1      | Learned a level 2 spell: Ensorcelled Hibernation
   447 | D:1      | Reached skill level 3 in Short Blades
  1229 | D:2      | Reached XP level 3. HP: 19/19 MP: 6/6
  1374 | D:2      | Reached skill level 4 in Short Blades
  1744 | D:2      | Learned a level 3 spell: Confusing Touch
  1851 | D:2      | Reached XP level 4. HP: 24/24 MP: 7/7
  1976 | D:3      | Noticed Grinder
  2178 | D:3      | Noticed a phantom
  2190 | D:3      | Found a faded altar of an unknown god.
  2191 | D:3      | Killed a phantom
  2192 | D:3      | Reached skill level 5 in Short Blades
  2192 | D:3      | Reached XP level 5. HP: 26/28 MP: 9/9
  2374 | D:3      | Reached skill level 6 in Short Blades
  2419 | D:3      | HP: 1/28 [orc/+1 flail of protection (10)]
  2719 | D:4      | Paralysed by Grinder for 2 turns
  2721 | D:4      | HP: 1/28 [orc/+0 club (3)]
  2724 | D:3      | Killed from afar by Grinder

Illustrated notes

Levels and vault maps discovered:
D:1:      lemuel_arrival_broad_hall, layout_loops_corners, serial_bayou,
          serial_bayou_crossing, serial_bayou_lagoon_a, serial_bayou_pond_b,
          serial_bayou_ford_a, minmay_tree_intersection
D:2:      minmay_wonky_spiral, layout_rooms
D:3:      layout_rooms, ebering_ecumenical_altar_rust, uniq_crazy_yiuf_cottage,
          uniq_grinder
D:4:      layout_gridville, minmay_temple_entry_butterflies, saegor_snake_ambush

Skill      XL: |  1  2  3  4  5 |
---------------+----------------+-----
Short Blades   | 2 3 4 5 6 |  6.0
Spellcasting   | 3 |  3.0
Dodging        | |  2.4
Stealth        | |  4.0
Hexes          | |  3.0

Action                   |  1- 3 |  4- 6 || total
-------------------------+-------+-------++-------
Melee: Dagger            |    67 |    39 ||   106
 Cast: Ensorcelled Hiber |    13 |    11 ||    24
       Confusing Touch   |       |     2 ||     2
  Use: Scroll            |     4 |     2 ||     6
       Potion            |       |     2 ||     2
 Stab: Sleeping          |    29 |     9 ||    38
       Confused          |       |     2 ||     2
Armor: Robe              |     9 |     2 ||    11
Dodge: Dodged            |    51 |    28 ||    79

Table legend: (Time is in decaauts)
 A = Elapsed time spent in this place.
 B = Non-inter-level travel time spent in this place.
 C = Inter-level travel time spent in this place.
 D = Time resting spent in this place.
 E = Time spent auto-exploring this place.
 F = Levels seen in this place.
 G = Mean time per level.
                   A        B        C        D        E       F      G
               +--------+--------+--------+--------+--------+-----+--------+
         Total |   2740 |   2620 |    120 |    525 |   1681 |   4 |  685.0 |
       Dungeon |   2740 |   2620 |    120 |    525 |   1681 |   4 |  685.0 |
               +--------+--------+--------+--------+--------+-----+--------+

Top non-repeatable levels by time:
     D:1: 1309 daAuts
     D:2: 796 daAuts
     D:3: 341 daAuts
     D:4: 293 daAuts
